 Dungeon Crawl Stone Soup version 0.29-a0-268-g5627465c62 (webtiles) character file.

Game seed: 10385255447381390749

67 CryoSword the Chiller (level 3, -3/28 HPs)
             Began as a Demigod Ice Elementalist on Mar 7, 2022.
             Killed by nerve-wracking pain
             ... invoked by Grinder
              (5 damage)
             ... on level 3 of the Dungeon.
             The game lasted 00:04:39 (1925 turns).

CryoSword the Chiller (Demigod Ice Elementalist)    Turns: 1925, Time: 00:04:40

Health: -3/28      AC:  3    Str: 13    XL:     3   Next: 70%
Magic:  4/8        EV: 12    Int: 17    God:
Gold:   102        SH:  0    Dex: 14    Spells: 1/5 levels left

rFire   . . .      SeeInvis .   g - +5 mace "Siustreho" {vorpal, Fly rElec rCorr}
rCold   . . .      Faith    .   (no shield)
rNeg    . . .      Spirit   .   a - +0 robe
rPois   .          Reflect  .   (no helmet)
rElec   +          Harm     .   k - +0 cloak
rCorr   +          Rampage  .   (no gloves)
Will    .....                   (no boots)
Stlth   ++........              (no amulet)
HPRegen 0.09/turn               (no ring)
MPRegen 0.11/turn               (no ring)

@: flying
A: high MP 1, forlorn, divine attributes
a: no special abilities


You were on level 3 of the Dungeon.
You visited 1 branch of the dungeon, and saw 3 of its levels.

You collected 102 gold pieces.

Inventory:

Hand Weapons
 g - the +5 mace "Siustreho" (weapon) {vorpal, Fly rElec rCorr}
   (You found it on level 2 of the Dungeon)

   It inflicts extra damage upon your enemies.
   rElec:     It insulates you from electricity.
   Fly:       It grants you flight.
   rCorr:     It protects you from acid and corrosion.
Missiles
 i - 2 poisoned darts
Armour
 a - a +0 robe (worn)
 k - a +0 cloak (worn)
   (You found it on level 2 of the Dungeon)
Scrolls
 d - a scroll of magic mapping {unknown}
 h - 3 scrolls of teleportation {unknown}
 j - a scroll of fear {unknown}
 l - a scroll of amnesia {unknown}
Potions
 b - a potion of magic
 c - a potion of resistance {unknown}
 e - a potion of curing {@q1}
 f - 2 potions of lignification {unknown}
 m - a potion of degeneration {unknown}


   Skills:
 + Level 1.2 Fighting
 + Level 0.4 Maces & Flails
 + Level 2.3 Dodging
 + Level 2.4 Stealth
 - Level 1.7 Spellcasting
 * Level 4.2 Ice Magic


You had one spell level left.
You knew the following spells:

 Your Spells              Type           Power      Damage    Failure   Level
a - Freeze                Ice            60%        1d8       3%          1
b - Ozocubu's Armour      Ice            15%        N/A       11%         3

Your spell library contained the following spells:

 Spells                   Type           Power      Damage    Failure   Level
 Frozen Ramparts          Ice            30%        1d5       11%         3
 Hailstorm                Conj/Ice       8%         3d4       63%         4


Dungeon Overview and Level Annotations

Branches:
Dungeon (3/15)

Shops:
D:2 :

Annotations:
D:3 Grinder, Sigmund, Terence


Innate Abilities, Weirdness & Mutations

You have an increased reservoir of magic. (+10% MP)
You shall have no god before yourself.
Your divine heritage dramatically boosts your attributes as you level up.


Message History

The bat hits you. The adder barely misses you.
The bat hits you but does no damage. The bat attacks as you move away!
The bat closely misses you. The bat hits you but does no damage. x2
You hit the bat.
You kill the bat!
The adder misses you.
Aim: an adder You freeze the adder.
The adder barely misses you.
Aim: an adder (moderately wounded)
You freeze the adder. The adder closely misses you.
Aim: an adder (heavily wounded)
You freeze the adder.
The adder seems to slow down.
The adder bites you.
Aim: an adder (heavily wounded, slow)
You freeze the adder. The adder bites you.
You closely miss the adder. The adder bites you.
* * * LOW HITPOINT WARNING * * *
The adder is no longer moving slowly.
The adder attacks as you move away! The adder barely misses you.
Aim: an adder (heavily wounded)
You freeze the adder.
You kill the adder!
Your Fighting skill increases to level 1!
Aim: an endoplasm You freeze the endoplasm.
The endoplasm hits you.
* * * LOW HITPOINT WARNING * * *
You barely miss the endoplasm. The endoplasm hits you.
* * * LOW HITPOINT WARNING * * *
Aim: an endoplasm (moderately wounded)
You freeze the endoplasm. The endoplasm barely misses you.
You hit the endoplasm.
You kill the endoplasm!
You start resting.
You start resting.
This spell is quite dangerous to cast!
Memorise Ozocubu's Armour, consuming 3 spell levels and leaving 1?
You start memorising the spell.
You continue memorising. x3
You finish memorising.
Spell assigned to 'b'.
Okay, then.
You see here a quokka skeleton.
You see here 21 stones.
i - 2 poisoned darts An adder comes into view.
Found a scroll labelled QATSIG RUDO.
An adder is nearby!
An adder is nearby!
You see here 13 gold pieces.
The adder hisses angrily.
You thump the adder!
You kill the adder!
You now have 82 gold pieces (gained 13).
j - a scroll labelled QATSIG RUDO
Found a cloak.
A ball python is nearby!
A ball python is nearby!
Found a scroll labelled YMELOR WACE.
You see here a +0 cloak.
k - a +0 cloak You start putting on your armour.
You continue putting on your +0 cloak. x4
You finish putting on your +0 cloak.
h - 3 scrolls labelled YMELOR WACE (gained 1)
The ball python hisses angrily.
A ball python is nearby!
A ball python is nearby!
The ball python barely misses you. The ball python grabs you.
The ball python constricts you.
Aim: a ball python (constricting you)
You freeze the ball python!
You kill the ball python!
You see here a ball python corpse.
Done exploring.
Done exploring.
Done exploring.
There is a stone staircase leading down here.
You fly downwards.
There is a stone staircase leading up here.
Could not explore, unopened door.
Could not explore, unopened door.
You reach down and open the door.
There is an open door here.
Could not explore, unopened door.
Could not explore, unopened door.
You reach down and open the door.
Could not explore, unopened door.
You reach down and open the door.
There is an open door here.
Could not explore, unopened door.
You reach down and open the door.
Found 17 gold pieces.
Found a stone staircase leading up.
A ball python comes into view.
There is an open door here.
Terence the Incautious comes into view.
He is wielding a +0 short sword.
Aim: a ball python You freeze the ball python.
You kill the ball python!
Terence is nearby!
Unknown command.
Terence is nearby!
Terence is nearby!
You now have 99 gold pieces (gained 17).
There is an open door here.
You reach down and close the door.
There is an open door here.
You reach down and close the door.
Found a scroll labelled HULOOG YDOAKOO.
l - a scroll labelled HULOOG YDOAKOO A frilled lizard comes into view.
The helpless frilled lizard fails to defend itself.
You sock the frilled lizard!
You kill the frilled lizard!
A rat comes into view.
The rat misses you.
You hit the rat but do no damage. The rat bites you.
You hit the rat.
You kill the rat!
There is an open door here.
You now have 102 gold pieces (gained 3).
m - a green potion
Found a leather armour.
Sigmund the Dreaded comes into view.
He is wielding a +2 scythe of protection.
Okay, then.
You reach down and open the door.
Grinder comes into view.
Grinder shouts!
There is an open door here.
Grinder hits you!
You writhe in agony.
Aim: Grinder You freeze Grinder.
Grinder resists.
Grinder hits you.
* * * LOW HITPOINT WARNING * * *
You writhe in agony.
* * * LOW HITPOINT WARNING * * *
You sock Grinder! Grinder completely misses you.
You sock Grinder!
Grinder drinks a potion.
Grinder is healed!
Aim: Grinder (moderately wounded)
You freeze Grinder.
Grinder resists.
Grinder barely misses you.
Aim: Grinder (moderately wounded)
You freeze Grinder.
Grinder resists.
Grinder closely misses you.
Aim: Grinder (moderately wounded)
You freeze Grinder but do no damage.
Grinder completely resists.
Grinder hits you.
* * * LOW HITPOINT WARNING * * *
You writhe in agony.
* * * LOW HITPOINT WARNING * * *
You hit Grinder. Grinder misses you. Grinder gestures at you.
Pain shoots through your body!
You die...

....#.# #.###.....
....#.# #.# .....
....#.####.# ....
....#......# #+#.
....#......# #.#
...............#.#
....##.........#.#
.....#....####.#5#
.###.#.......#.#@#
.#.#.#....#..#.#.#
.#.#.#.#.#...#.#.#
.#.#######...#.#'######
.#.# ..#............#
.#.# ..#...........#
...# #.#...........#
...# #.#.............
...######..#............


You could see Grinder.

Vanquished Creatures
  2 adders (D:2)
  A dart slug (D:2)
  6 endoplasms
  4 giant cockroaches (D:1)
  4 goblins (D:1)
  5 kobolds
  2 quokkas
  5 ball pythons
  6 bats
  6 frilled lizards
  5 rats
46 creatures vanquished.

Notes
Turn   | Place    | Note
-------+----------+-------------------------------------------
     0 | D:1      | CryoSword the Demigod Ice Elementalist began the quest for
                  | the Orb.
     0 | D:1      | Reached XP level 1. HP: 14/14 MP: 5/5
   269 | D:1      | Reached XP level 2. HP: 18/22 MP: 0/7
   702 | D:1      | Reached skill level 4 in Ice Magic
  1117 | D:2      | Reached XP level 3. HP: 27/27 MP: 5/8
  1118 | D:2      | Identified the +5 mace "Siustreho" {vorpal, Fly rElec
                  | rCorr}
  1284 | D:2      | Found Mahumig's Book Boutique.
  1368 | D:2      | Reached skill level 1 in Fighting
  1565 | D:2      | Learned a level 3 spell: Ozocubu's Armour
  1810 | D:3      | Noticed Terence
  1908 | D:3      | Noticed Sigmund
  1915 | D:3      | Noticed Grinder
  1924 | D:3      | HP: 1/28 [Grinder (6)]
  1925 | D:3      | Killed from afar by Grinder

Illustrated notes

Levels and vault maps discovered:
D:1:      dpeg_arrival_windows_large_door, layout_basic, moated_statue
D:2:      layout_rooms, serial_shops, shop, minmay_pentomino_p4
D:3:      layout_basic, amethyst_overflow_temple_binary,
          shapermc_ecumenical_altar_mp_vishouse, st_stairs_7, uniq_terence,
          uniq_sigmund, uniq_grinder

Skill      XL: |  1  2  3 |
---------------+----------+-----
Stealth        | 2 |  2.4
Dodging        | 2 |  2.3
Ice Magic      | 4 |  4.2
Fighting       | 1 |  1.2
Maces & Flails | |  0.4
Spellcasting   | |  1.7

Action                   || total
-------------------------++-------
Melee: Unarmed           ||     2
       Dagger            ||     6
       Punch             ||     1
       Mace              ||    24
 Cast: Freeze            ||    56
 Stab: Sleeping          ||     3
       Distracted        ||     1
Armor: Robe              ||    17
Dodge: Dodged            ||    63

Table legend: (Time is in decaauts)
 A = Elapsed time spent in this place.
 B = Non-inter-level travel time spent in this place.
 C = Inter-level travel time spent in this place.
 D = Time resting spent in this place.
 E = Time spent auto-exploring this place.
 F = Levels seen in this place.
 G = Mean time per level.
                   A        B        C        D        E       F      G
               +--------+--------+--------+--------+--------+-----+--------+
         Total |   1933 |   1859 |     74 |    335 |   1102 |   3 |  644.3 |
       Dungeon |   1933 |   1859 |     74 |    335 |   1102 |   3 |  644.3 |
               +--------+--------+--------+--------+--------+-----+--------+

Top non-repeatable levels by time:
     D:1: 1101 daAuts
     D:2: 680 daAuts
     D:3: 151 daAuts
